Cogmind - Beta 14 @@@ ROGUE MODE // 2024.08.12 @ 13:06:39 Player: APerTAS Result: Destroyed by S-27 Virus with Autogun Performance ------------- Evolutions (3) 1500 Regions Visited (4) 800 Robots Destroyed (1) 5 Value Destroyed (27) 27 Prototype IDs (0) 0 Alien Tech Used (0) 0 Bonus (904) 904 TOTAL SCORE: 3236 Bonus ------- Pacifist 834 Follower Combat Kills 70 Cogmind --------- Core Integrity 0/700 Matter 153/300 Energy 100/100 System Corruption 0% Temperature Cool (0) Movement Core (50) Location -7/Factory Parts ------- > --- POWER (1) -------- (None) > --- PROPULSION (2) --- (None) > --- UTILITY (2) ------ (None) > --- WEAPON (8) ------- Maul > --- INVENTORY (5) ---- Maul Maul Peak State ------------ > --- POWER ------------ (None) > --- PROPULSION ------- (None) > --- UTILITY ---------- (None) > --- WEAPON ----------- Maul > --- INVENTORY -------- (None) [Rating: 2] Favorites ----------- Power None Propulsion None Utility None Weapon Maul Impact Weapon Maul Build | -11 -10 -9 -8 -7 ------- Run | Yrd Mat Mat Mat Fac Slots Evolved 6 | . . 2 2 2 Power . | . . . . . Propulsion . | . . . . . Utility . | . . . . . Weapon 6 | . . 2 2 2 Parts Attached 1 | . . . . 1 Power . | . . . . . Engine . | . . . . . Core . | . . . . . Reactor . | . . . . . Propulsion . | . . . . . Treads . | . . . . . Leg . | . . . . . Wheel . | . . . . . Hover . | . . . . . Flight . | . . . . . Utility . | . . . . . Device . | . . . . . Storage . | . . . . . Processor . | . . . . . Hackware . | . . . . . Protection . | . . . . . Artifact . | . . . . . Weapon 1 | . . . . 1 Energy Gun . | . . . . . Energy Cannon . | . . . . . Ballistic Gun . | . . . . . Ballistic Cannon . | . . . . . Launcher . | . . . . . Special Weapon . | . . . . . Impact Weapon 1 | . . . . 1 Slashing Weapon . | . . . . . Piercing Weapon . | . . . . . Special Melee Weapon . | . . . . . Unidentified Prototypes . | . . . . . Parts Lost . | . . . . . Power . | . . . . . Propulsion . | . . . . . Utility . | . . . . . Weapon . | . . . . . Highest Loss Streak . | . . . . . To Critical Strikes . | . . . . . Average Slot Usage (%) . | . . . . 1 Peak Build Rating 2 | . . . . 2 Average Rating . | . . . . . On Entrance . | . . . . . Naked Turns 330 | . 29 116 62 123 Heaviest Build 3 | . . . . 3 Greatest Support 3 | 3 3 3 3 3 Greatest Overweight (x) . | . . . . . Average Overweight (x) . | . . . . . Largest Inventory Capacity 5 | 5 5 5 5 5 Average Capacity 5 | 5 5 5 5 5 Most Carried 2 | . . . . 2 Average Carried . | . . . . . Final Capacity 5 | 5 5 5 5 5 Final Carried 2 | . . . . 2 Class Distribution -------------------- 100% | Mutant Dominant Class ---------------- Mutant | -10/Materials Mutant | -9/Materials Mutant | -8/Materials Mutant | -7/Factory Resources | -11 -10 -9 -8 -7 ----------- Run | Yrd Mat Mat Mat Fac Matter Collected . | . . . . . Remotely . | . . . . . Salvage Created 18 | . . . . 18 Parts 1 | . . . . 1 Haulers Intercepted . | . . . . . Recyclers Shooed . | . . . . . Parts Field Recycled . | . . . . . Retrieved Matter . | . . . . . Parts Self-Destructed . | . . . . . Prevented . | . . . . . Kills | -11 -10 -9 -8 -7 ------- Run | Yrd Mat Mat Mat Fac Combat Hostiles Destroyed 1 | . . . . 1 Melee 1 | . . . . 1 Classes Destroyed 1 | . . . . 1 Swarmer 1 | . . . . 1 Best Kill Streak 1 | . . . . 1 Combat Bots Only 1 | . . . . 1 Max Kills in Single Turn 1 | . . . . 1 Gunslinging . | . . . . . Exploded . | . . . . . Melee 1 | . . . . 1 Uniques/NPCs Destroyed . | . . . . . Combat | -11 -10 -9 -8 -7 -------- Run | Yrd Mat Mat Mat Fac Hostile Shots Fired 165 | . 25 34 33 73 Missed 55 | . 16 8 12 19 Damage Taken 1550 | 1 99 384 263 803 Core 1457 | 1 99 384 263 710 Absorbed by Shields . | . . . . . Core Remaining (%) 53 | 99 60 4 52 . Volleys Fired . | . . . . . Largest . | . . . . . Hottest . | . . . . . Shots Fired . | . . . . . Gun . | . . . . . Cannon . | . . . . . Launcher . | . . . . . Special . | . . . . . Kinetic . | . . . . . Thermal . | . . . . . Explosive . | . . . . . Electromagnetic . | . . . . . Robot Hit Streak . | . . . . . Robot Miss Streak . | . . . . . Penetration Max . | . . . . . Secondary Targets . | . . . . . Shots Hit Robots 3 | . . . . 3 Core Hits 4 | . . 3 . 1 Critical Kills . | . . . . . Critical Parts Destroyed . | . . . . . Critical Strikes . | . . . . . Melee Attacks 7 | . . . . 7 Impact 7 | . . . . 7 Slashing . | . . . . . Piercing . | . . . . . Sneak Attacks . | . . . . . Combat Hostiles . | . . . . . Follow-up Attacks . | . . . . . Damage Inflicted 192 | 3 . 73 . 116 Guns . | . . . . . Cannons . | . . . . . Explosions . | . . . . . Melee 116 | . . . . 116 Ramming 76 | 3 . 73 . . Kinetic . | . . . . . Thermal . | . . . . . Explosive . | . . . . . Electromagnetic . | . . . . . Impact 116 | . . . . 116 Slashing . | . . . . . Piercing . | . . . . . Highest Corruption 1 | . . 1 . . Average Corruption 1 | . . 1 . . Corruption Purged . | . . . . . Corruption Blocked . | . . . . . Effects 1 | . . 1 . . Data Loss (minor) 1 | . . 1 . . Overload Shots . | . . . . . Overflow Damage . | . . . . . Projectiles . | . . . . . Explosions . | . . . . . Melee . | . . . . . Knockbacks 1 | . . . . 1 Impact 1 | . . . . 1 Kinetic . | . . . . . Secondary . | . . . . . Self-Inflicted Damage 36 | 1 . 35 . . Shots . | . . . . . Rammed 18 | 1 . 17 . . Targets Rammed 18 | 1 . 17 . . Kicked . | . . . . . Crushed . | . . . . . Highest Temperature . | . . . . . Average Temperature . | . . . . . Received Heat Transfer 321 | . 36 159 126 . Siege Activations . | . . . . . Robots Corrupted . | . . . . . Combat Hostiles . | . . . . . Parts Fried . | . . . . . Impact Corruptions 1 | . . . . 1 Robots Melted . | . . . . . Combat Hostiles . | . . . . . Parts Melted . | . . . . . Heat Transferred . | . . . . . Parts Sabotaged . | . . . . . Parts Stolen . | . . . . . Parts Stripped . | . . . . . Power Chain Reactions . | . . . . . Alert | -11 -10 -9 -8 -7 ------- Run | Yrd Mat Mat Mat Fac Peak Influence 162 | . . 60 159 162 Initial 72 | . . . 25 72 Average 61 | . . 22 81 92 Maximum Alert Level . | . . . . . Low Security (%) 100 | 100 100 100 100 100 Level 1 . | . . . . . Level 2 . | . . . . . Level 3 . | . . . . . Level 4 . | . . . . . Level 5 . | . . . . . High Security . | . . . . . Max Security . | . . . . . Squads Dispatched 6 | . . 1 5 . Investigation 3 | . . 1 2 . Extermination . | . . . . . Reinforcement 2 | . . . 2 . Assault . | . . . . . Garrison 1 | . . . 1 . Intercept . | . . . . . Searches Triggered . | . . . . . Construction Impeded . | . . . . . Haulers Reinforced . | . . . . . Active Scanning Responses . | . . . . . Cargo Convoy Interrupts . | . . . . . Stealth | -11 -10 -9 -8 -7 --------- Run | Yrd Mat Mat Mat Fac Distress Signals 2 | . 1 1 . . Communications Jammed . | . . . . . Distress Signals . | . . . . . Times Spotted 36 | . 6 9 12 9 Peak Tracking Total 8 | . 6 8 7 7 Tactical Retreats 5 | . . 1 1 3 Traps | -11 -10 -9 -8 -7 ------- Run | Yrd Mat Mat Mat Fac Traps Triggered . | . . . . . Indirectly . | . . . . . Trap Hack Attempts . | . . . . . Triggered . | . . . . . Disarmed . | . . . . . Reprogrammed . | . . . . . Reused . | . . . . . Traps Extracted . | . . . . . Installed . | . . . . . Triggered . | . . . . . Machines | -11 -10 -9 -8 -7 ---------- Run | Yrd Mat Mat Mat Fac Machines Disabled . | . . . . . Max in Single Turn . | . . . . . Machines Repaired . | . . . . . Machines Dismantled . | . . . . . Machines Sabotaged . | . . . . . Overloaded Fab Kills . | . . . . . Hacking | -11 -10 -9 -8 -7 --------- Run | Yrd Mat Mat Mat Fac Machines Accessed 4 | . . 2 2 . Terminals 3 | . . 2 1 . Fabricators . | . . . . . Repair Stations . | . . . . . Recycling Units . | . . . . . Scanalyzers . | . . . . . Garrison Access 1 | . . . 1 . Total Hacks 10 | . . 5 5 . Successful 1 | . . . 1 . Failed 9 | . . 5 4 . Catastrophic 4 | . . 3 1 . Database Lockouts . | . . . . . Manual 10 | . . 5 5 . Terminals 7 | . . 5 2 . Fabricators . | . . . . . Repair Stations . | . . . . . Recycling Units . | . . . . . Scanalyzers . | . . . . . Garrison Access 3 | . . . 3 . Terminal Hacks . | . . . . . Fabricator Hacks . | . . . . . Repair Station Hacks . | . . . . . Recycling Unit Hacks . | . . . . . Scanalyzer . | . . . . . Garrison Access Hacks . | . . . . . Unauthorized Hacks 1 | . . . 1 . Terminals . | . . . . . Fabricators . | . . . . . Repair Stations . | . . . . . Recycling Units . | . . . . . Scanalyzers . | . . . . . Garrison Access 1 | . . . 1 . Reprogram 1 | . . . 1 . Data Cores Recovered . | . . . . . Used . | . . . . . Hacking Detections 4 | . . 2 2 . Full Trace Events 3 | . . 2 1 . Feedback Events . | . . . . . Feedback Blocked . | . . . . . Robot Schematics Acquired . | . . . . . Robots Built . | . . . . . Authchips . | . . . . . Time . | . . . . . Total Robot Build Rating . | . . . . . Part Schematics Acquired . | . . . . . Parts Built . | . . . . . Authchips . | . . . . . Time . | . . . . . Total Part Build Rating . | . . . . . Parts Repaired . | . . . . . Time . | . . . . . Parts Recycled . | . . . . . Recycled Matter . | . . . . . Retrieved Matter . | . . . . . Retrieved Components . | . . . . . Parts Scanalyzed . | . . . . . Part Schematics Acquired . | . . . . . Parts Damaged . | . . . . . Bothacking | -11 -10 -9 -8 -7 ------------ Run | Yrd Mat Mat Mat Fac Used RIF Installer . | . . . . . Robots Hacked . | . . . . . Non-combat . | . . . . . Combat . | . . . . . Robot Hacks Applied . | . . . . . Relay Couplers Released . | . . . . . Fabnet Peak Effective % . | . . . . . Robots Rewired . | . . . . . Allies Hacked . | . . . . . Hacks Repelled . | . . . . . Allies | -11 -10 -9 -8 -7 -------- Run | Yrd Mat Mat Mat Fac Total Allies 3 | . . . 3 . Largest Group 3 | . . . 3 . Highest-Rated Group 48 | . . . 48 . Highest-Rated Ally 16 | . . . 16 . Total Orders . | . . . . . Ally Attacks 29 | . . . 29 . Total Damage 250 | . . . 250 . Kills 3 | . . . 3 . Allies Corrupted . | . . . . . Allies Melted . | . . . . . Intel | -11 -10 -9 -8 -7 ------- Run | Yrd Mat Mat Mat Fac Robot Analysis Total . | . . . . . Derelict Logs Recovered . | . . . . . Drone Launches . | . . . . . Drone Recoveries . | . . . . . Exploration | -11 -10 -9 -8 -7 ------------- Run | Yrd Mat Mat Mat Fac Turns Passed 394 | 9 29 116 62 178 Spaces Moved 701 | 17 57 197 123 307 Core 701 | 17 57 197 123 307 Treads . | . . . . . Legs . | . . . . . Wheels . | . . . . . Hover . | . . . . . Flight . | . . . . . Fastest Speed 50 | 50 50 50 50 50 Average Speed 50 | 50 50 50 50 50 Slowest Speed 50 | 50 50 50 50 50 Overloaded Moves . | . . . . . Propulsion Burnouts . | . . . . . Robots Hopped . | . . . . . Cave-ins Triggered . | . . . . . Exploration Rate (%) 14 | 3 22 21 15 11 Regions Visited 4 Branch Regions . Pre-discovered Areas . | . . . . . Known Exits Taken . | . . . . . Unknown Exits Taken 4 | 1 1 1 1 . Scrap Searched . | . . . . . Spaces Dug . | . . . . . Terrain Destroyed . | . . . . . Melee . | . . . . . Projectile . | . . . . . AOE . | . . . . . Terrain Rammed . | . . . . . Walls Destroyed . | . . . . . Machines Disabled . | . . . . . Actions | -11 -10 -9 -8 -7 --------- Run | Yrd Mat Mat Mat Fac Total 725 | 17 56 213 122 317 Wait . | . . . . . Move 697 | 16 56 196 122 307 Hop . | . . . . . Pick Up 2 | . . . . 2 Fast Attach 1 | . . . . 1 Attach . | . . . . . Detach . | . . . . . Swap . | . . . . . Drop . | . . . . . Fire . | . . . . . Melee 7 | . . . . 7 Ram 18 | 1 . 17 . . Kick . | . . . . . Crush . | . . . . . Escape Stasis . | . . . . . Rewire . | . . . . . Trap . | . . . . . Miscellaneous . | . . . . . Route ------- -11/Scrapyard -10/Materials -9/Materials (discovered 2 exits: *Mat / [*Min]) -8/Materials -7/Factory History --------- Turn | Location | Event 2 | -11/Scrapyard | Discovered new exit (range 16) 10 | -11/Scrapyard | Entered Materials 31 | -10/Materials | Discovered new exit (range 16) 39 | -10/Materials | Entered another Materials area 39 | -9/Materials | Evolved 2 slots: Weapon x2 96 | -9/Materials | Discovered new exit (range 14) 135 | -9/Materials | Core integrity fell below 50% 145 | -9/Materials | Core integrity fell below 20% 148 | -9/Materials | Discovered new exit (range 11) 155 | -9/Materials | Entered another Materials area 155 | -8/Materials | Evolved 2 slots: Weapon x2 186 | -8/Materials | Garrison activated, responded to threat 209 | -8/Materials | Discovered new exit (range 16) 217 | -8/Materials | Entered Factory 217 | -7/Factory | Evolved 2 slots: Weapon x2 305 | -7/Factory | Build established: Mutant 361 | -7/Factory | Core integrity fell below 50% 369 | -7/Factory | Core integrity fell below 20% 395 | -7/Factory | Destroyed by S-27 Virus with Autogun Last Messages --------------- 00243_ K-01 Serf pushes S-27 Virus. 00246_ K-01 Serf cleans the Power Conduit. 00246_ K-01 Serf pushes S-27 Virus. 00257_ K-01 Serf latches onto S-27 Virus. 00257_ K-01 Serf pushes S-27 Virus. 00281_ K-01 Serf cleans the Subcomponent Replicator. 00305_ K-01 Serf pushes H-55 Commando. 00333_ ALERT: All DSF locations entering lockdown mode. 00340_ Acquired Maul. 00347_ S-27 Virus destroyed. 00351_ K-01 Serf collects debris. 00353_ Destroyed VTOL Module. 00353_ S-27 Virus system corrupted by crushing effect. 00353_ S-27 Virus knocked back. 00354_ K-01 Serf collects debris. 00354_ S-27 Virus misfires. 00355_ C-30 ARC bursts open, deploying its payload. 00355_ S-27 Virus unfolds itself. 00357_ K-01 Serf collects debris. 00368_ R-06 Scavenger collects VTOL Module. Map ----- +----------------------------------------------------+ | ?????????????????????????????????????????????????? | | ?????????????????????????????????????????????????? | | ?????????????????????????????????????????????????? | | ?????????????????????????????????????????????????? | | ?????????????????????????????????????????????????? | | ?????????????????????????????????????????????????? | | ?????????????????????????????????????????????????? | | ?????????????????????????????????????????????????? | | ?????????????????????????????????????????????????? | | ????????????????###+##########???????????????????? | | ????????????????# ! *#???????????????????? | | ????????????????# #???????????????????? | | ????????????????# #???????????????????? | | ????????????????+ """ #???????????????????? | | ????????????????# / ! """ #???????????????????? | | ????????????????# /! """ #???????????????????? | | ????????????????# ! #???????????????????? | | ????????????????# """ #???????????????????? | | ????????????????# """ #???????????????????? | | ????????????????# """ #???????????????????? | | ????????????????# #???????????????????? | | ????????????????# % % #???????????????????? | | ????????????????##+####+############# ????????? | | ?????????????????# s ???????????? | | ?????????????????# ##??????????????????? | | ?????????????????# @##+###########?????????? | | ################## u # =#?????????? | | # + ss# #?????????? | | """ # """" ####### s# " " " " " #?????????? | | """ # """" #?????# # " " " " " #?????????? | | """ # """" #?????# # " " " " " #?????????? | | # """" #?????# # " " " " " +?????????? | | """ # """" #?????# s # " " " " " #?????????? | | """ #! """" #?????# + " " " " " #?????????? | | """ # #?????# # " " " " " #?????????? | | # ! #?????# # " " " " " #?????????? | | ###/######+########## # " " " " " #?????????? | | # #?????????? | | ##############?????????? | | #??????????????????????? | | #??????????????????????? | | #??????????????????????? | | ###+### #??????????????????????? | | ?? # #??????????????????????? | | ?? # ???????????????????????? | | ??""" # ???????????????????????? | | ??""" # ???????????????????????? | | ??""" # ? ???????????????????????? | | ????? # ???????????????????????????? | | ????? # #########????????????????????????????? | +----------------------------------------------------+ Best States ------------- Heat Dissipation 34 Energy Generation 5 Energy Capacity 100 Matter Stores 163 Matter Capacity 300 Sight Range 16 Terrain Scan Density 10 Evasion (%) 50 Item Schematics ----------------- None Robot Schematics ------------------ None Fabricated ------------ Nothing Alien Tech Used ----------------- None Achievements -------------- None Challenges ------------ None Game ------ Seed DimensionalIonicHumpback Manual? 0 Play Time 00:05:35 Cumulative 20.8 hours Start 2024.08.12 @ 13:02:20 End 2024.08.12 @ 13:06:39 Sessions 1 Manual Loads 0 Difficulty Rogue Special Mode None Game No. 100 Rogue 100 Adventurer 0 Explorer 0 Win Type - Total 0 Types 0/0/0/0/0/0/0/0/0 Lore% 32 Gallery% 24 Achievement% 32 Wizard Run 0 Options --------- Layout 0 ASCII 0 Keyboard 0 Movement Arrows Keybinds 0 Fullscreen 2 Font 18/Terminus Map View 76x50 Zoom Use 0% Tactical HUD 1 Map Filters NONE Filters NONE Steam 1 RUN: d08ded6d-1883-4ae3-b549-a1b5d5ae0ec3